 Dungeon Crawl Stone Soup version 0.30-a0-748-ge6a52f7cba (webtiles) character file.

Game seed: 946011517253741286

57014 Newt the Markskobold (level 15, -5/90 HPs)
             Began as a Kobold Hunter on Feb 8, 2023.
             Was an Elder of Hepliaklqana.
             Slain by an orc knight
             ... wielding a +0 battleaxe
              (30 damage)
             ... on level 1 of the Orcish Mines.
             The game lasted 00:20:14 (17687 turns).

Newt the Markskobold (Kobold Hunter)               Turns: 17687, Time: 00:20:15

Health: -5/90      AC: 15    Str: 10    XL:     15   Next: 24%
Magic:  21/21      EV: 25    Int: 10    God:    Hepliaklqana [****..]
Gold:   1206       SH:  0    Dex: 25    Spells: 14/14 levels left

rFire   + . .      SeeInvis +    l - +9 shortbow of the Vendetta {elec, rF+ rCorr Stlth-}
rCold   . . .      Faith    .    (shield currently unavailable)
rNeg    . . .      Spirit   .    Y - +1 troll leather armour
rPois   .          Reflect  .    O - +2 hat {SInv}
rElec   .          Harm     .    (no cloak)
rCorr   +          Rampage  .    V - +2 pair of gloves
Will    ++...                    R - +2 pair of boots
Stlth   ++                       z - amulet of magic regeneration
HPRegen 1.15/turn                n - +4 ring of slaying
MPRegen 0.57/turn                U - ring of willpower

@: no status effects
A: reduced essence, small, no large weapons, nightstalker 3
a: Renounce Religion, Recall Ancestor, Ancestor Identity, Transference, Idealise


You were on level 1 of the Orcish Mines.
You worshipped Hepliaklqana.
Hepliaklqana was greatly pleased with you.
You visited 4 branches of the dungeon, and saw 19 of its levels.
You also visited: Sewer and Volcano.

You collected 1302 gold pieces.
You spent 96 gold pieces at shops.

Inventory:

Hand Weapons
 a - a +0 shortbow
 l - the +9 shortbow of the Vendetta (weapon) {elec, rF+ rCorr Stlth-}
   (You acquired it on level 4 of the Dungeon)

   rF:        It protects you from fire.
   rCorr:     It protects you from acid and corrosion.
   Stlth:     It makes you less stealthy.
 N - a +2 sling of freezing
 Z - a +1 arbalest of flaming
Missiles
 G - 4 throwing nets
Armour
 q - a +3 leather armour of fire resistance
 M - +0 ice dragon scales
 O - a +2 hat of see invisible (worn)
 R - a +2 pair of boots (worn)
 V - a +2 pair of gloves (worn)
 W - a +3 leather armour of fire resistance
 Y - a +1 troll leather armour (worn)
Jewellery
 k - a ring of protection from fire
 n - a +4 ring of slaying (left hand)
 u - a ring of flight
 z - an amulet of magic regeneration (around neck)
 C - a +4 ring of slaying
 S - a ring of positive energy
 U - a ring of willpower (right hand)
Wands
 c - a wand of digging (6)
 p - a wand of quicksilver (2)
 F - a wand of flame (88)
 I - a wand of iceblast (30)
 L - a wand of charming (7)
Scrolls
 b - 3 scrolls of immolation
 d - 5 scrolls of identify
 h - 7 scrolls of teleportation
 t - 2 scrolls of fog
 y - 5 scrolls of poison
 A - 4 scrolls of blinking
 B - 3 scrolls of amnesia
 E - a scroll of silence
 H - 3 scrolls of enchant weapon
 J - 3 scrolls of fear
 Q - a scroll of summoning
Potions
 e - 6 potions of heal wounds
 f - 7 potions of curing
 g - a potion of brilliance
 i - 4 potions of haste
 j - 5 potions of magic
 m - a potion of attraction
 o - 3 potions of might
 s - a potion of cancellation
 v - 4 potions of lignification
 x - a potion of berserk rage
 D - 5 potions of flight
 K - 2 potions of ambrosia
 P - a potion of mutation
 X - 3 potions of invisibility
Miscellaneous
 r - a phial of floods
 w - a piece from Xom's chessboard (15/15)


   Skills:
 - Level 14.0 Fighting
 - Level 18.0 Ranged Weapons
 + Level 8.4 Armour
 - Level 12.0 Dodging
 - Level 1.3 Stealth
 - Level 9.0 Invocations
 - Level 10.0 Evocations


You had 14 spell levels left.
You didn't know any spells.
Your spell library contained the following spells:

 Spells                   Type           Power      Damage    Failure   Level
 Freeze                   Ice            0%         1d3       43%         1
 Kiss of Death            Conj/Necr      0%         2d5       43%         1
 Lesser Beckoning         Tloc           0%         N/A       58%         2
 Sublimation of Blood     Necr           0%         N/A       58%         2
 Confusing Touch          Hex            0%         N/A       82%         3
 Frozen Ramparts          Ice            0%         1d1       82%         3
 Gell's Gravitas          Tloc           0%         N/A       82%         3
 Hailstorm                Conj/Ice       0%         3d3       82%         3
 Teleport Other           Tloc           0%         N/A       82%         3
 Animate Armour           Summ/Erth      0%         N/A       99%         4
 Dispel Undead            Necr           0%         3d6       99%         4
 Petrify                  Tmut/Erth      0%         N/A       99%         4
 Blade Hands              Tmut           0%         N/A       100%        5
 Irradiate                Conj/Tmut      0%         3d11      100%        5
 Metabolic Englaciation   Hex/Ice        0%         N/A       100%        5
 Summon Forest            Summ/Tloc      0%         N/A       100%        5
 Eringya's Noxious Bog    Tmut/Pois      0%         N/A       100%        6
 Iron Shot                Conj/Erth      0%         9d1       100%        6
 Statue Form              Tmut/Erth      0%         N/A       100%        6
 Summon Hydra             Summ           0%         N/A       100%        7


Dungeon Overview and Level Annotations

Branches:
Dungeon (11/15)            Temple (1/1) D:6            Lair (5/5) D:11
 Shoals (0/4) Lair:3        Snake (0/4) Lair:3        Slime (0/5) Lair:4
    Orc (2/2) D:11          Sewer (visited)         Volcano (visited)
    Elf: Orc:2

Altars:
Ashenzari
Cheibriados
Dithmenos
Elyvilon
Fedhas
Gozag
Hepliaklqana
Kikubaaqudgha
Makhleb
Nemelex Xobeh
Okawaru
Qazlal
Ru
Sif Muna
Trog
Uskayaw
Vehumet
Wu Jian
Xom
Yredelemnul
Zin
The Shining One
Jiyva

Shops:
D:1 (   D:6 :   D:10 ?

Annotations:
D:4 1 transporter, Bediveer's ghost, amateur BaFi


Innate Abilities, Weirdness & Mutations

Your life essence is reduced to manifest your ancestor. (-10% HP)
You are small and have problems with some larger weapons.
You are completely attuned to the shadows.


Message History

No target in view!
No target in view!
You start resting.
HP restored.
You start waiting.
Done waiting.
You climb downwards.
The warg howls!
The orc shouts!
The orc warrior barely misses you. The orc misses you.
An orc comes into view. It is wielding a +0 club.
The orc knight roars a battlecry!
The orcs go into a battle-frenzy!
The orc warlord roars a battlecry!
The orc knight goes into a battle-frenzy!
There is a stone staircase leading up, spattered with blood here.
The orc warrior misses you.
The orc knight hits you with a +0 battleaxe!!
Lufti blocks the orc's attack.
The orc knight completely misses you.
Lufti barely misses the orc.
Lufti closely misses the orc.
Lufti misses the orc warrior.
Lufti closely misses the warg.
The warg bites you but does no damage.
You climb upwards.
There is a stone staircase leading down, spattered with blood here.
You shoot an arrow. The arrow hits the orc knight.
Lightning courses through the orc knight!
The orc knight is moderately wounded.
The orc warrior closely misses you. The orc knight completely misses you.
The orc knight hits Lufti with a +0 battleaxe!
The orc knight closely misses you. The orc completely misses you.
Lufti barely misses the orc knight.
Lufti hits the orc warrior with a +0 broad axe of flaming.
Lufti burns the orc warrior.
You shoot an arrow. The arrow hits the orc knight.
The orc knight is moderately wounded.
The orc completely misses you.
The orc warrior hits you with a +0 dire flail!!
The orc knight hits you with a +0 battleaxe!!
* * * LOW HITPOINT WARNING * * *
The orc knight hits you with a +0 battleaxe!!
You die...

##...##..#.#...#.##.#
####..........))<#......
##.###.#.....).).)...#...
#...#........#)..........
##.##........)#)....##.##
##.#.............#...###
#.............#...#.##
##.#...ooR........###
#....#.[@o#........#
##.....o)#..#...#.##
#............#..###
##..........##...#
##.........#####..##
#...........# #...#
##.#.#..#..## ##.##
##...#....# ###
##.#....##


You could see the friendly Lufti the knight, 2 orc knights, an orc warrior
(strong) and an orc (strong).

Vanquished Creatures
  Gastronok (D:8)
  A hydra (Lair:5)
  Erica (Lair:2)
  A dancing weapon (Volcano)
  4 two-headed ogres
  Sonja (Orc:1)
  4 wizards (Volcano)
  Pikel (D:5)
  2 lindwurms
  5 oklob plants
  A salamander (Lair:3)
  A manticore (Lair:5)
  10 elephants
  3 toenail golems (Volcano)
  Joseph (D:8)
  6 black mambas
  12 cane toads
  2 torpor snails
  Maggie (D:8)
  3 unseen horrors (D:11)
  7 komodo dragons
  2 kobold demonologists
  4 rime drakes (Lair:5)
  2 merfolk (Lair:3)
  3 polar bears
  2 hornets
  2 trolls
  7 blink frogs
  Prince Ribbit (D:5)
  6 dream sheep
  Sigmund (D:4)
  A shadow (D:11)
  9 wyverns
  A vampire (D:8)
  3 basilisks
  23 yaks
  A steam dragon (D:9)
  4 wargs
  An acid dragon (D:11)
  12 water moccasins
  A floating eye (Lair:3)
  8 orc warriors
  Duvessa (D:5)
  3 sky beasts
  2 black bears
  3 ice beasts
  14 wolves
  2 ogres
  9 centaurs
  2 lemures (D:5)
  2 phantoms
  7 kobold brigands
  10 bullfrogs
  2 gnoll sergeants
  3 necrophages
  3 scorpions
  Dowan (D:5)
  5 killer bees (D:7)
  5 howler monkeys
  An electric eel (D:9)
  3 lava snakes (Lair:3)
  4 jellies
  3 hounds
  3 orc priests
  2 iguanas (D:4)
  2 gnoll boudas
  Terence (D:2)
  8 orc wizards
  4 hell rats (Lair:3)
  2 hound zombies (D:3)
  21 gnolls
  9 adders
  2 river rats
  2 shadow imps (D:8)
  7 white imps
  An ufetubus (D:5)
  4 worms
  2 dart slugs
  33 orcs
  10 ball pythons
  13 endoplasms
  A giant cockroach (D:4)
  4 goblins
  7 hobgoblins
  4 jackals (D:1)
  33 kobolds
  A quokka (D:3)
  2 ball python skeletons (D:3)
  6 bats
  4 frilled lizards
  6 rats
441 creatures vanquished.

Vanquished Creatures (collateral kills)
  A dire elephant (Lair:1)
  An ice dragon (Lair:5)
  A hydra (Lair:5)
  A catoblepas (Lair:5)
  A wizard (Volcano)
  2 lindwurms
  A manticore (Lair:5)
  2 elephants (Lair:4)
  2 toenail golems (Volcano)
  2 merfolk sirens (Lair:3)
  2 black mambas
  2 cane toads
  3 komodo dragons
  A rime drake (Lair:4)
  4 blink frogs
  3 dream sheep
  A yak (D:10)
  A steam dragon (Lair:1)
  A warg (Orc:1)
  2 water moccasins
  An orc warrior (Orc:1)
  5 wolves
  2 bullfrogs
  A gnoll bouda (Orc:1)
  An orc wizard (Orc:1)
  A hell rat (Lair:3)
  3 gnolls (Orc:1)
  8 orcs
  A butterfly (Lair:2)
57 creatures vanquished.

Vanquished Creatures (others)
  A knight (Volcano)
  An ancestor (D:11)
  An orc wizard (D:5)
  13 fungi
  16 plants
  A withered plant (D:3)
33 creatures vanquished.

Grand Total: 531 creatures vanquished

Notes
Turn   | Place    | Note
-------+----------+-------------------------------------------
     0 | D:1      | Newt the Kobold Hunter began the quest for the Orb.
     0 | D:1      | Reached XP level 1. HP: 12/12 MP: 1/1
    94 | D:1      | Reached XP level 2. HP: 18/18 MP: 2/2
   236 | D:1      | Found Adoguam's Antique Weapon Shop.
   408 | D:1      | Reached XP level 3. HP: 23/23 MP: 3/3
  1209 | D:2      | Noticed Terence
  1214 | D:2      | Killed Terence
  1215 | D:2      | Reached XP level 4. HP: 23/30 MP: 4/4
  1986 | D:3      | Reached skill level 5 in Fighting
  1989 | D:3      | Reached XP level 5. HP: 29/35 MP: 5/5
  2484 | D:3      | Reached skill level 6 in Ranged Weapons
  3219 | D:4      | Reached skill level 7 in Ranged Weapons
  3219 | D:4      | Reached XP level 6. HP: 40/40 MP: 6/6
  3228 | D:4      | Found a transporter.
  3229 | D:4      | Noticed an ogre
  3229 | D:4      | Noticed an ogre
  3229 | D:4      | Noticed Bediveer's ghost (amateur BaFi)
  3245 | D:4      | Identified a scroll of acquirement
  3248 | D:4      | Acquired the +9 shortbow of the Vendetta {elec, rF+ rCorr
                  | Stlth-}
  3287 | D:4      | Reached skill level 8 in Ranged Weapons
  3289 | D:4      | Reached XP level 7. HP: 44/44 MP: 7/7
  3326 | D:4      | Reached skill level 9 in Ranged Weapons
  3340 | D:4      | Found a glowing drain.
  3344 | Sewer    | Entered a sewer
  3706 | D:4      | Noticed a water moccasin
  3708 | D:4      | Reached skill level 10 in Ranged Weapons
  3709 | D:4      | Killed a water moccasin
  3716 | D:4      | Reached XP level 8. HP: 49/49 MP: 8/8
  3830 | D:4      | Noticed Sigmund
  3833 | D:4      | Reached skill level 5 in Dodging
  3835 | D:4      | Killed Sigmund
  3836 | D:4      | Reached skill level 1 in Armour
  4082 | D:5      | Entered Level 5 of the Dungeon
  4095 | D:5      | Found the +5 Force Lance {heavy, knockback}
  4097 | D:5      | Found a hide-covered altar of Uskayaw.
  4103 | D:5      | Noticed Prince Ribbit
  4107 | D:5      | Killed Prince Ribbit
  4454 | D:5      | Noticed Pikel
  4460 | D:5      | Reached XP level 9. HP: 54/54 MP: 9/9
  4462 | D:5      | Killed Pikel
  4463 | D:5      | Reached skill level 5 in Armour
  4629 | D:5      | Noticed Dowan
  4631 | D:5      | Noticed Duvessa
  4633 | D:5      | Killed Duvessa
  4634 | D:5      | Killed Dowan
  4875 | D:6      | Found an ornate altar of the Wu Jian Council.
  5035 | D:6      | Found a staircase to the Ecumenical Temple.
  5043 | Temple   | Entered the Ecumenical Temple
  5395 | D:6      | Found a snail-covered altar of Cheibriados.
  5551 | D:6      | Reached XP level 10. HP: 66/66 MP: 10/10
  5611 | D:6      | Found Roropac's Tremendous Tomes.
  5900 | D:6      | Reached skill level 11 in Ranged Weapons
  6038 | D:7      | Noticed a two-headed ogre
  6042 | D:7      | Killed a two-headed ogre
  6043 | D:7      | Reached skill level 12 in Ranged Weapons
  6379 | D:7      | Reached skill level 13 in Ranged Weapons
  6399 | D:7      | Found a faded altar of an unknown god.
  6401 | D:7      | Found a hazy altar of Hepliaklqana.
  6407 | D:7      | Found a faded altar of an unknown god.
  6410 | D:7      | Became a worshipper of Hepliaklqana the Forgotten
  6846 | D:8      | Noticed Gastronok
  6851 | D:8      | Noticed Joseph
  6969 | D:8      | Noticed a two-headed ogre
  7031 | D:7      | Killed a two-headed ogre
  7032 | D:7      | Reached skill level 14 in Ranged Weapons
  7455 | D:8      | Killed Joseph
  7476 | D:8      | Killed Gastronok
  7477 | D:8      | Reached skill level 10 in Dodging
  7477 | D:8      | Reached XP level 11. HP: 46/71 MP: 11/11
  7635 | D:8      | Reached skill level 1 in Invocations
  7655 | D:8      | Noticed Maggie
  7661 | D:8      | Killed Maggie
  7685 | D:8      | Noticed a two-headed ogre
  7691 | D:8      | Killed a two-headed ogre
  7692 | D:8      | Reached skill level 5 in Invocations
  7692 | D:8      | Reached skill level 1 in Evocations
  8318 | D:8      | Noticed a two-headed ogre
  8323 | D:8      | Killed a two-headed ogre
  8512 | D:9      | Reached skill level 5 in Evocations
  8834 | D:9      | Reached * piety under Hepliaklqana
  8898 | D:9      | Found an iron altar of Okawaru.
  9344 | D:9      | Found a shadowy altar of Dithmenos.
  9474 | D:9      | Found a blossoming altar of Fedhas.
  9661 | D:10     | Entered Level 10 of the Dungeon
  9713 | D:10     | Found Uwohae's Magic Scroll Boutique.
  9719 | D:10     | Bought a scroll of fear for 48 gold pieces
  9719 | D:10     | Bought a scroll of immolation for 48 gold pieces
  9866 | D:10     | Reached XP level 12. HP: 68/68 MP: 15/15
 10294 | D:11     | Reached skill level 10 in Evocations
 10344 | D:11     | Reached skill level 15 in Ranged Weapons
 10378 | D:11     | Found a staircase to the Lair.
 10520 | D:11     | Found a staircase to the Orcish Mines.
 10823 | D:11     | Reached ** piety under Hepliaklqana
 10824 | D:11     | Remembered your ancestor Lufti as a knight
 11372 | Lair:1   | Entered Level 1 of the Lair of Beasts
 11386 | Lair:1   | Identified the +8 mace of the Manifold Spirits {freeze,
                  | +Blink rN+++ Dex-2 Stlth+}
 11395 | Lair:1   | Reached skill level 16 in Ranged Weapons
 11445 | Lair:1   | Found a dark tunnel.
 11451 | Volcano  | Entered a volcano
 11515 | Volcano  | Reached skill level 17 in Ranged Weapons
 11561 | Volcano  | Noticed a +0 mace of flaming
 11562 | Volcano  | Reached XP level 13. HP: 72/72 MP: 16/16
 11710 | Volcano  | Reached skill level 18 in Ranged Weapons
 12130 | Lair:1   | Noticed a dire elephant
 12140 | Lair:1   | Killed a dire elephant
 13449 | Lair:2   | Noticed Erica
 13452 | Lair:2   | Killed Erica
 14092 | Lair:3   | Reached *** piety under Hepliaklqana
 14235 | Lair:3   | Found a staircase to the Shoals.
 14504 | Lair:3   | Found a staircase to the Snake Pit.
 14689 | Lair:3   | Reached skill level 10 in Fighting
 14698 | Lair:3   | Found a glowing silver altar of Zin.
 14710 | Lair:3   | Reached XP level 14. HP: 79/79 MP: 20/20
 15179 | Lair:4   | Found a staircase to the Slime Pits.
 15180 | Lair:4   | Found a viscous altar of Jiyva.
 15378 | Lair:4   | Reached **** piety under Hepliaklqana
 16131 | Lair:5   | Entered Level 5 of the Lair of Beasts
 16696 | Lair:5   | Reached XP level 15. HP: 63/90 MP: 21/21
 17430 | Orc:1    | Entered Level 1 of the Orcish Mines
 17444 | Orc:1    | Noticed Sonja
 17446 | Orc:1    | Killed Sonja
 17543 | Orc:2    | Entered Level 2 of the Orcish Mines
 17549 | Orc:2    | Noticed an orc warlord
 17687 | Orc:1    | Slain by an orc knight

Illustrated notes

Levels and vault maps discovered:
D:1:      elethiomel_arrival_shortcut, layout_loops_corners, serial_shops, shop
D:2:      layout_loops_ring, uniq_terence
D:3:      layout_loops_corners, serial_undead, serial_undead_f, serial_undead_c,
          serial_undead_e, serial_undead_e
D:4:      layout_basic, gammafunk_ghost_smash, gup_sewer_entry_bowl,
          uniq_sigmund
D:5:      layout_loops_cross, eat_drink_and_be_merry_uskayaw,
          corexii_checkpoint_a, minmay_misc_feat_tiny, uniq_pikel,
          uniq_prince_ribbit1, uniq_duvessa
D:6:      layout_basic, nzn_wu_jian_council_hall,
          mainiacjoe_overflow_small_starburst, minmay_temple_entry_antechambers,
          nicolae_shop_i_like_big_books, st_stairs_5
D:7:      layout_basic, nicolae_hepliaklqana_ecumenical_no_more,
          dreamdust_mushroom_princess, nicolae_hexahallways
D:8:      minmay_angry_zag, layout_basic, serial_demonic, serial_demonic_e,
          serial_demonic_g, serial_demonic_f, serial_demonic_e,
          nzn_life_drinkers, uniq_gastronok, uniq_joseph, uniq_maggie
D:9:      layout_basic, okawaru_metal_pillars_3, mainiacjoe_overflow_alcove_4,
          kennysheep_mini_moat, serial_co_window_serial, co_window_paths_b,
          co_window_paths_a, co_window_of_opportunity_a, co_window_corner_a,
          co_window_corner_a, co_window_paths_c, co_window_broadway_b,
          co_window_of_opportunity_c, glass_columns_a, glass_columns_b,
          glass_columns_a, glass_columns_a, nrook_pool_corridor,
          minmay_door_square, kennysheep_windowed_goal
D:10:     layout_rooms, serial_shops, nicolae_shop_behind_doors,
          dk_rats_in_the_wall
D:11:     layout_basic, minmay_lair_entry_grove, david_orc_1_choice
Temple:   regret_index_temple_generic_petals
Lair:1:   layout_gridlike, lightli_volcano_entry_magma_tube,
          nicolae_lair_grazing_beasts [nicolae_sub_lair_graze_edge,
          nicolae_sub_lair_graze_edge, nicolae_sub_lair_graze_edge,
          nicolae_sub_lair_graze_edge]
Lair:2:   layout_cave_pods, lemuel_fruit_fields, grunt_megastairs_2, uniq_erica
Lair:3:   layout_chaotic_city, elwin_shoals_entry_stream,
          nicolae_snake_entry_warm_welcome, basic_altar,
          cheibrodos_lair_caveside_slide, disabler_island
Lair:4:   layout_gridlike, slime_entry_1, minivault_23, st_stairs_4
Lair:5:   hangedman_lair_in_review, layout_cave_shapes,
          eino_small_chamber_without_monster, bobbens_ice_dragon_lair
Orc:1:    layout_caves, uniq_erolcha, uniq_urug, uniq_fannar, uniq_sonja
Orc:2:    st_orc_pillars, layout_diamond_mine

Skill      XL: |  1  2  3  4  5  6  7  8  9 10 11 12 13 14 15 |
---------------+----------------------------------------------+-----
Fighting       | 3 4 5 9 10 14 | 14.0
Ranged Weapons | 7 8 10 14 17 18 | 18.0
Dodging        | 4 6 10 12 | 12.0
Armour         | 4 5 6 8 |  8.4
Invocations    | 5 9 |  9.0
Evocations     | 7 10 | 10.0
Stealth        | |  1.3

Action                     |  1- 3 |  4- 6 |  7- 9 | 10-12 | 13-15 || total
---------------------------+-------+-------+-------+-------+-------++-------
   Fire: Shortbow          |    84 |    87 |   161 |   390 |   518 ||  1240
 Invoke: Ancestor Life: Kn |       |       |       |     1 |       ||     1
         Idealise          |       |       |       |       |     1 ||     1
  Evoke: Wand              |       |       |       |     3 |       ||     3
    Use: Scroll            |       |     8 |       |    20 |     5 ||    33
         Potion            |       |     2 |       |       |       ||     2
 Armour: Leather armour    |     3 |    18 |    11 |    31 |     1 ||    64
         Troll leather arm |       |       |       |     1 |    35 ||    36
  Dodge: Dodged            |    35 |    42 |    32 |   133 |   285 ||   527

Table legend: (Time is in decaauts)
 A = Elapsed time spent in this place.
 B = Non-inter-level travel time spent in this place.
 C = Inter-level travel time spent in this place.
 D = Time resting spent in this place.
 E = Time spent auto-exploring this place.
 F = Levels seen in this place.
 G = Mean time per level.
                   A        B        C        D        E       F      G
               +--------+--------+--------+--------+--------+-----+--------+
         Total |  17696 |  16467 |   1229 |   1062 |  13239 |  21 |  842.7 |
       Dungeon |  11219 |  10287 |    932 |    584 |   8477 |  11 | 1019.9 |
        Temple |    257 |    243 |     14 |      0 |    233 |   1 |  257.0 |
          Lair |   5162 |   4897 |    265 |    301 |   3935 |   5 | 1032.4 |
  Orcish Mines |    248 |    231 |     17 |    107 |     67 |   2 |  124.0 |
         Sewer |    407 |    407 |      0 |      0 |    350 |   1 |  407.0 |
       Volcano |    401 |    401 |      0 |     70 |    176 |   1 |  401.0 |
               +--------+--------+--------+--------+--------+-----+--------+

Top non-repeatable levels by time:
     D:7: 1448 daAuts
     D:9: 1302 daAuts
    D:11: 1293 daAuts
     D:3: 1292 daAuts
     D:1: 1231 daAuts
  Lair:4: 1200 daAuts
  Lair:3: 1068 daAuts
  Lair:1: 1037 daAuts
     D:6: 1019 daAuts
     D:8: 1019 daAuts
  Lair:2: 967 daAuts
  Lair:5: 888 daAuts
     D:5: 744 daAuts
     D:2: 712 daAuts
    D:10: 592 daAuts
